Map: Deathaura LE

Players

Zaechus - Winner!

  • Race: Protoss Protoss
  • League: Diamond
  • Spawn Location: 5:00

btang

  • Race: Zerg Zerg
  • League: Diamond
  • Spawn Location: 11:00

VOD

Have the link to the VOD?

Description

Secret base?

Time

  • Played on: July 10, 2020, 9:53 p.m.
  • Length: 12:01
Show
View Real Time Build Order
Export as new Build Order

Zaechus Protoss - Winner!

Build Orders: 1 Gate Expand, Oracle Opening, Carriers 

Get SALT Encoding   

  12  0:00  Probe  
  13  0:12  Probe  
  14  0:17  Pylon  
  14  0:25  Probe  
  15  0:36  Probe  
  15  0:39  Gateway  
  16  0:44  Assimilator  
  16  0:45  Probe  
  17  0:53  Probe  
  18  1:03  Probe  
  19  1:15  Probe  
  20  1:26  Nexus  
  20  1:38  Cybernetics Core  
  20  1:42  Probe  
  20  1:47  Assimilator  
  20  1:55  Probe  
  20  1:58  Pylon  
  21  2:06  Probe  
  21  2:07  Stalker  
  22  2:14  Probe  
  22  2:22  Probe  
  25  2:28  Stargate  
  26  2:33  Probe  
  26  2:37  Warp Gate  
  27  2:40  Probe  
  27  2:41  Adept  
  30  2:45  Probe  
  30  2:48  Probe  
  31  2:57  Probe x2  
  33  3:02  Oracle  
  34  3:09  Probe x2  
  39  3:21  Probe  
  39  3:22  Gateway, Probe  
  39  3:24  Pylon  
  41  3:29  Oracle  
  41  3:33  Probe  
  41  3:34  Probe  
  46  3:46  Probe x2  
  46  3:47  Pylon  
  48  3:50  Assimilator  
  48  3:54  Assimilator  
  48  3:58  Probe x2  
  50  4:06  Twilight Council  
  50  4:10  Probe x2  
  52  4:22  Probe x2  
  54  4:28  Nexus  
  54  4:29  Pylon  
  54  4:30  Adept  
  56  4:34  Probe x2  
  58  4:46  Probe x2  
  57  5:07  Charge, Oracle  
  60  5:08  Probe x2  
  60  5:09  Stargate  
  62  5:20  Probe x2  
  64  5:30  Adept x2  
  64  5:32  Probe x2  
  70  5:39  Probe  
  70  5:40  Forge  
  70  5:42  Probe  
  71  5:43  Probe  
  71  5:49  Pylon, Protoss Air Weapons Level 1  
  73  5:50  Probe  
  73  5:51  Probe  
  73  5:52  Probe  
  76  5:57  Oracle  
  76  5:58  Probe, Oracle  
  76  5:59  Probe  
  76  6:03  Assimilator  
  76  6:04  Probe  
  85  6:08  Pylon  
  85  6:10  Probe x2  
  86  6:16  Probe  
  86  6:17  Protoss Shields Level 1  
  86  6:18  Probe x2  
  90  6:28  Assimilator, Probe  
  91  6:37  Stargate  
  91  6:39  Fleet Beacon  
  94  6:41  Probe x2  
  94  6:42  Probe  
  95  6:47  Assimilator  
  95  6:53  Probe  
  95  6:54  Probe x2  
  96  6:56  Photon Cannon, Oracle  
  96  6:58  Photon Cannon  
  96  6:59  Photon Cannon  
  96  7:01  Photon Cannon  
  96  7:02  Shield Battery  
  96  7:03  Shield Battery  
  96  7:07  Photon Cannon  
  96  7:08  Photon Cannon, Shield Battery  
  96  7:10  Adept x2  
  96  7:13  Probe  
  101  7:20  Pylon  
  101  7:23  Photon Cannon  
  101  7:31  Carrier  
  101  7:32  Gateway  
  101  7:33  Gateway  
  101  7:35  Pylon  
  101  7:38  Pylon, Probe x2  
  101  7:43  Carrier  
  109  7:47  Protoss Air Weapons Level 2, Carrier  
  109  7:53  Probe x2  
  109  7:57  Pylon  
  123  7:58  Zealot  
  125  8:07  Pylon  
  125  8:08  Pylon  
  125  8:15  Probe, Gateway  
  125  8:16  Zealot  
  125  8:17  Gateway  
  125  8:19  Gateway  
  128  8:20  Protoss Shields Level 2  
  128  8:22  Templar Archives  
  128  8:25  Zealot  
  130  8:28  Zealot x2  
  134  8:35  Photon Cannon  
  134  8:36  Photon Cannon  
  134  8:37  Shield Battery  
  134  8:38  Carrier  
  134  8:39  Shield Battery  
  140  8:45  Zealot x2  
  123  8:56  Zealot x2  
  117  9:08  Zealot x2  
  121  9:12  Carrier x2  
  121  9:13  Zealot x2  
  133  9:21  Zealot x3  
  139  9:33  Zealot x2  
  139  9:34  Zealot  
  139  9:37  Zealot  
  135  9:49  Zealot x3  
  141  10:05  Zealot  
  141  10:06  Zealot x3  
  147  10:14  Pylon  
  147  10:15  Pylon  
  147  10:16  Carrier  
  147  10:21  Zealot  
  147  10:32  Carrier  
  147  10:33  Templar Archives  
  153  10:48  Pylon  
  153  10:49  Pylon x2  
  153  10:51  Zealot x6  
  163  11:08  Shield Battery  
  163  11:13  Photon Cannon, Zealot x4  
  163  11:14  Zealot x2  
  165  11:29  Probe  
  160  11:43  Zealot x6  
  160  11:44  Zealot  
  174  11:57  Fleet Beacon  
Show
View Real Time Build Order
Export as new Build Order

btang Zerg 

Build Orders: Hatch First 

Get SALT Encoding   

  12  0:01  Drone  
  13  0:13  Overlord  
  13  0:16  Drone  
  14  0:33  Drone  
  15  0:47  Hatchery  
  14  0:50  Drone  
  14  0:54  Drone  
  16  0:58  Drone  
  17  1:04  Drone  
  18  1:17  Spawning Pool  
  17  1:20  Drone  
  17  1:25  Drone  
  19  1:29  Extractor  
  18  1:52  Hatchery  
  18  1:56  Drone  
  18  1:57  Drone  
  18  2:00  Drone  
  21  2:06  Drone  
  22  2:09  Drone  
  23  2:15  Unknown  
  23  2:19  Drone  
  23  2:20  Queen  
  25  2:23  Drone  
  25  2:28  Unknown  
  25  2:29  Drone  
  26  2:31  Overlord  
  26  2:38  Queen  
  29  2:51  Drone x2  
  30  3:02  Queen  
  30  3:04  Drone x3  
  35  3:10  Drone  
  36  3:22  Extractor  
  36  3:25  Hatchery, Lair  
  34  3:32  Metabolic Boost  
  34  3:38  Queen  
  36  3:41  Pneumatized Carapace  
  36  3:46  Drone x2  
  36  3:47  Drone  
  39  3:53  Drone x2  
  41  3:56  Drone  
  42  4:03  Overlord  
  42  4:05  Overlord  
  42  4:12  Evolution Chamber  
  42  4:15  Evolution Chamber  
  42  4:16  Drone  
  42  4:17  Drone  
  42  4:19  Overlord  
  42  4:24  Overseer  
  42  4:27  Drone x3  
  45  4:31  Drone  
  46  4:39  Infestation Pit, Zerg Missile Weapons Level 1  
  39  4:57  Drone x5  
  44  5:04  Spore Crawler, Queen  
  44  5:06  Drone x3  
  48  5:13  Zerg Ground Armor Level 1  
  48  5:19  Hive  
  48  5:31  Zergling x6  
  48  5:32  Zergling x10  
  56  5:40  Drone x3, Hydralisk Den  
  58  5:44  Drone x3  
  58  5:47  Drone  
  58  5:48  Drone  
  63  5:51  Drone x2  
  65  5:58  Zergling x2  
  65  6:02  Zergling x4  
  68  6:06  Evolution Chamber, Zergling x2  
  68  6:07  Extractor x2  
  68  6:10  Zergling x2  
  67  6:11  Grooved Spines  
  67  6:16  Evolution Chamber  
  67  6:18  Zergling x2, Spire  
  67  6:19  Zergling x2  
  67  6:27  Hydralisk x2  
  69  6:42  Hydralisk  
  69  6:43  Overlord x2  
  69  6:45  Overlord  
  67  6:48  Adrenal Glands  
  67  6:50  Zerg Melee Weapons Level 1  
  67  6:51  Overlord x2  
  64  6:58  Overlord  
  64  6:59  Overlord  
  63  7:05  Overlord  
  63  7:08  Hydralisk x2  
  63  7:09  Hydralisk x2  
  63  7:13  Zerg Missile Weapons Level 2  
  63  7:15  Drone x2  
  73  7:19  Drone  
  73  7:20  Drone x2  
  76  7:23  Muscular Augments, Drone x2  
  76  7:29  Drone x4  
  83  7:30  Drone  
  83  7:35  Spore Crawler  
  83  7:37  Hydralisk  
  82  7:44  Overlord  
  82  7:49  Overlord  
  82  7:55  Drone x6  
  88  8:03  Spire, Drone x5  
  92  8:14  Zerg Flyer Weapons Level 1  
  92  8:15  Hydralisk x5  
  102  8:23  Spore Crawler  
  102  8:25  Spore Crawler, Hydralisk x2  
  102  8:26  Hydralisk  
  106  8:34  Spore Crawler, Overlord  
  105  8:42  Overlord  
  105  8:44  Zerg Ground Armor Level 2  
  105  8:54  Hatchery, Hydralisk x4  
  105  8:55  Hydralisk x4  
  105  8:56  Hydralisk  
  105  9:03  Overlord  
  101  9:11  Overlord  
  101  9:14  Overlord  
  101  9:15  Corruptor x4  
  103  9:20  Overlord  
  103  9:21  Drone  
  103  9:23  Drone x2  
  103  9:24  Drone  
  107  9:26  Extractor  
  107  9:27  Extractor, Overlord  
  107  9:28  Viper  
  108  9:33  Extractor  
  108  9:34  Zerg Flyer Armor Level 1  
  108  9:36  Drone x4  
  107  9:40  Overlord  
  87  9:55  Zergling x24  
  91  10:03  Hydralisk x4  
  95  10:09  Overlord  
  88  10:16  Corruptor x2  
  88  10:19  Corruptor  
  93  10:22  Overlord  
  91  10:30  Overlord  
  91  10:31  Zergling x6  
  91  10:32  Zergling x6  
  97  10:38  Corruptor  
  97  10:39  Spore Crawler x2  
  97  10:42  Spine Crawler  
  96  10:45  Spine Crawler  
  96  10:46  Overseer  
  96  10:47  Spore Crawler  
  96  10:48  Overlord x2  
  94  11:04  Corruptor x2  
  92  11:11  Corruptor  
  73  11:17  Corruptor  
  76  11:19  Overlord  
  76  11:22  Queen x2  
  76  11:24  Zergling x2  
  75  11:36  Zergling x2, Overlord  
  75  11:37  Zergling x18  
Tags
 
Add a new tag
Caveats
  • Supply blocks, unpowered buildings, or Contaminate may cause inaccurate times.
  • Supply counts are checked every 10 seconds.